Sharks vs Blackhawks

Created - May 17, 2022 at 21:05

Goals
1 2 3 T
Sharks 0 0 2 2
Blackhawks 1 1 1 3
Shots
1 2 3 T
Sharks 3 7 20 30
Blackhawks 18 5 7 30

1st period

1. Blackhawks , Antoine Roussel 22 (Derek Roy 28, Jamie McBain 42) at 17:33 (PP)

Penalties :
Jamie McBain (Chi) for Tripping (Minor) at 6:33, Alexander Frolov (Chi) for Tripping (Minor) at 13:13, Gilbert Brule (S.J) for Interference (Minor) at 16:59, Antoine Roussel (Chi) for Holding (Minor) at 18:04

2nd period

2. Blackhawks , James Wright 13 (Jamie McBain 43, Blake Wheeler 16) at 18:31

Penalties :
Gilbert Brule (S.J) for Hooking (Minor) at 1:15, Alexander Frolov (Chi) for Hooking (Minor) at 3:40, Corey Perry (Chi) for Hooking (Minor) at 9:42, Jamie McBain (Chi) for High sticking (Minor) at 13:25

3rd period

3. Blackhawks , Jordan Staal 21 (Radko Gudas 20, Josh Harding) at 0:28
4. Sharks , Bobby Butler 9 (Luke Adam 6) at 2:19
5. Sharks , Dion Phaneuf 3 (Oskar Osala 10, Boone Jenner 14) at 17:18

Penalties :
Ben Smith (S.J) for Holding (Minor) at 2:40, Jordan Staal (Chi) for Tripping (Minor) at 14:54

Goalie Stats

Philipp Grubauer (S.J), 27 saves from 30 shots - (0.900), L, 27-22-7, 59:10 minutes
Josh Harding (Chi), 28 saves from 30 shots - (0.933), W, 7-6-1, 60:00 minutes

Players Stats for Sharks

Player Name              G  A  P  +/- PIM S  H  SB GA TA FO     MP     PP MP  PK MP  
------------------------------------------------------------------------------------
Ben Lovejoy              0  0  0  -1  0   1  2  1  1  0  0/0    21:51   4:48   1:42 
Ben Smith                0  0  0   0  2   5  1  0  0  1  1/3    23:47   8:18   1:32 
Bobby Butler             1  0  1   1  0   1  0  0  0  0  0/0     6:29   0:00   0:00 
Boone Jenner             0  1  1   0  0   2  1  1  0  0  0/4    13:09   0:12   1:50 
Brandon Dubinsky         0  0  0  -1  0   0  1  0  1  0  6/11   16:01   5:35   0:14 
Brandon Gormley          0  0  0  -1  0   1  1  0  1  2  0/0    21:51   4:48   1:42 
David Booth              0  0  0   0  0   1  3  1  1  0  2/3    23:39   8:07   1:42 
Dion Phaneuf             1  0  1   0  0   2  1  0  0  1  0/0    28:47   9:05   2:50 
Gilbert Brule            0  0  0   0  4   3  0  1  1  0  15/32  23:26   8:18   1:11 
Gustav Nyquist           0  0  0   1  0   0  1  0  0  0  0/0     8:55   0:00   2:26 
Jiri Tlusty              0  0  0   0  0   2  1  0  0  0  0/0    11:08   0:01   0:09 
Karl Alzner              0  0  0   1  0   0  0  0  0  0  0/0     9:22   0:00   0:00 
Luke Adam                0  1  1   1  0   4  1  0  0  0  0/2     6:29   0:00   0:00 
Oskar Osala              0  1  1   0  0   2  2  0  0  0  0/1    10:56   0:00   0:00 
Ronalds Kenins           0  0  0  -1  0   4  3  0  1  0  1/1    15:43   5:34   0:00 
Steve Eminger            0  0  0   1  0   0  0  1  0  0  0/0     9:22   0:00   0:00 
Tyler Cuma               0  0  0   0  0   2  4  0  1  0  0/0    28:47   9:05   2:50 
Wayne Simmonds           0  0  0  -1  0   0  0  0  0  0  0/1    15:43   5:34   0:00 

Players Stats for Blackhawks

Player Name              G  A  P  +/- PIM S  H  SB GA TA FO     MP     PP MP  PK MP  
------------------------------------------------------------------------------------
Alexander Frolov         0  0  0   1  4   2  0  1  0  0  1/1    12:47   0:00   1:49 
Antoine Roussel          1  0  1   0  2   3  0  0  1  1  0/0    14:58   2:02   3:43 
Blake Wheeler            0  1  1   1  0   1  1  0  0  0  0/0    10:12   0:00   0:00 
Brett Maclean            0  0  0   0  0   4  2  1  0  0  0/0     7:33   0:00   0:05 
Calvin de Haan           0  0  0   0  0   0  2  2  1  2  0/0    21:41   1:41   6:11 
Colby Armstrong          0  0  0   0  0   0  0  0  0  0  0/0     7:28   0:00   0:00 
Corey Perry              0  0  0   0  2   0  0  1  0  1  3/4    14:47   2:02   3:08 
Derek Roy                0  1  1   0  0   0  3  1  0  1  2/6    16:19   2:02   4:46 
Jakob Silfverberg        0  0  0  -1  0   1  4  1  0  0  0/2    16:23   2:30   0:00 
James Wright             1  0  1   1  0   4  0  0  0  0  2/4    10:33   0:00   0:30 
Jamie McBain             0  2  2   1  4   3  2  2  0  0  0/0    27:27   2:51   6:10 
Jay Bouwmeester          0  0  0  -1  0   1  0  0  0  0  0/0    11:23   0:00   1:50 
Johnny Gaudreau          0  0  0  -1  0   5  3  0  0  1  1/1    24:25   2:30   7:30 
Jordan Staal             1  0  1  -1  2   1  2  0  0  0  21/36  22:59   2:30   6:15 
Matthew Spiller          0  0  0  -1  0   1  0  0  0  0  0/0    10:05   0:00   0:03 
Nick Bonino              0  0  0   0  0   2  0  1  1  0  3/4     7:28   0:00   0:00 
Radko Gudas              0  1  1   1  0   0  0  2  0  1  0/0    29:25   2:51   8:50 
Raphael Diaz             0  0  0   0  0   2  0  0  1  0  0/0    20:07   1:41   4:42 

3 Stars

1 - James Wright (Chi)
2 - Bobby Butler (S.J)
3 - Josh Harding (Chi)

Power Play

Sharks - 0 on 7 Attempt(s) - 0.00%
Blackhawks - 1 on 3 Attempt(s) - 33.33%

Penalty Kill

Sharks - 2 on 3 Attempt(s) - 66.67% - Score 0 goal in Penalty Kill
Blackhawks - 7 on 7 Attempt(s) - 100.00% - Score 0 goal in Penalty Kill

Team Stat

Sharks - Hits : 22 - Faceoff Wins : 25 - Blocked Shots : 5 - Penalty Minutes : 6
Blackhawks - Hits : 19 - Faceoff Wins : 33 - Blocked Shots : 12 - Penalty Minutes : 14

Official

Referees : Chris Rooney and Brandon Schrader
Linesman : Bryan Pancich and Kyle Flemington

Game Notes

13:18 of 3rd period - Sharks goal is going for a video replay. After video review, No Goal. The net was displaced accidentally.

Finance

Level 1 -- Attendance: 5284 (88.07%) -- Ticket Income $528,400
Level 2 -- Attendance: 4732 (94.64%) -- Ticket Income $283,920
Level 3 -- Attendance: 1721 (86.05%) -- Ticket Income $60,235
Level 4 -- Attendance: 3495 (87.38%) -- Ticket Income $87,375
Luxury Box -- Attendance: 950 (95.00%) -- Ticket Income $190,000
Game was played at the United Center.
Total Attendance: 16182 (89.90%)
Total Ticket Income: $1,149,930
Other Income: $172,490
Total Income: $1,322,420

Sharks

5 vs 5 Forward 
   Center                   Left Wing                Right Wing               Time % Phy DF OF 
 1 Gilbert Brule            David Booth              Ben Smith                40     1   2  2  
 2 Brandon Dubinsky         Ronalds Kenins           Wayne Simmonds           30     1   2  2  
 3 Boone Jenner             Jiri Tlusty              Oskar Osala              20     1   2  2  
 4 Luke Adam                Gustav Nyquist           Bobby Butler             10     1   2  2  

5 vs 5 Defense 
   Defense                  Defense                                           Time % Phy DF OF 
 1 Dion Phaneuf             Tyler Cuma                                        40     1   2  2  
 2 Ben Lovejoy              Brandon Gormley                                   30     1   2  2  
 3 Karl Alzner              Steve Eminger                                     20     1   2  2  
 4 Dion Phaneuf             Tyler Cuma                                        10     1   2  2  

PowerPlay Forward 
   Center                   Left Wing                Right Wing               Time % Phy DF OF 
 1 Gilbert Brule            David Booth              Ben Smith                60     1   2  2  
 2 Brandon Dubinsky         Ronalds Kenins           Wayne Simmonds           40     1   2  2  

PowerPlay Defense
   Defense                  Defense                                           Time % Phy DF OF 
 1 Dion Phaneuf             Tyler Cuma                                        60     1   2  2  
 2 Ben Lovejoy              Brandon Gormley                                   40     1   2  2  

Penalty Kill 4 Players Forward 
   Center                   Wing                     Time % Phy DF OF 
 1 Ben Smith                Gilbert Brule            60     1   2  2  
 2 David Booth              Wayne Simmonds           40     1   2  2  

Penalty Kill 4 Players Defense
   Defense                  Defense                  Time % Phy DF OF 
 1 Dion Phaneuf             Tyler Cuma               60     1   2  2  
 2 Ben Lovejoy              Brandon Gormley          40     1   2  2  

Penalty Kill - 3 Players Forward 
   Forward                                           Time % Phy DF OF 
 1 Ben Smith                                         60     1   2  2  
 2 Gilbert Brule                                     40     1   2  2  

Penalty Kill - 3 Players Defense
   Defense                  Defense                  Time % Phy DF OF 
 1 Dion Phaneuf             Tyler Cuma               60     1   2  2  
 2 Ben Lovejoy              Brandon Gormley          40     1   2  2  

4 vs 4 Forward 
   Center                   Wing                     Time % Phy DF OF 
 1 Ben Smith                Gilbert Brule            60     1   2  2  
 2 David Booth              Wayne Simmonds           40     1   2  2  

4 vs 4 Defense
   Defense                  Defense                  Time % Phy DF OF 
 1 Dion Phaneuf             Tyler Cuma               60     1   2  2  
 2 Ben Lovejoy              Brandon Gormley          40     1   2  2  

Last Minutes Offensive
   Center                   Left Wing                Right Wing               Defense                  Defense                  
   Gilbert Brule            David Booth              Ben Smith                Dion Phaneuf             Tyler Cuma               

Last Minutes Defensive
   Center                   Left Wing                Right Wing               Defense                  Defense                  
   Gilbert Brule            David Booth              Ben Smith                Dion Phaneuf             Tyler Cuma               

Goaltenders
Starting : Philipp Grubauer         
Backup : Anders Lindback          

Extra Forwards
Normal : Boone Jenner, Jiri Tlusty, Gustav Nyquist - PP : Boone Jenner, Jiri Tlusty - PK : Gustav Nyquist
Extra Defensemen
Normal : Karl Alzner, Steve Eminger, Ben Lovejoy - PP : Karl Alzner - PK : Steve Eminger, Ben Lovejoy
Penalty Shots
Ben Smith, Gilbert Brule, David Booth, Wayne Simmonds, Brandon Dubinsky

Scratches
Brayden McNabb (Healthy), Simon Despres (Healthy), Zach Boychuk (Healthy)

Blackhawks

5 vs 5 Forward 
   Center                   Left Wing                Right Wing               Time % Phy DF OF 
 1 Jordan Staal             Johnny Gaudreau          Jakob Silfverberg        40     1   2  2  
 2 Derek Roy                Antoine Roussel          Corey Perry              30     1   2  2  
 3 James Wright             Alexander Frolov         Blake Wheeler            20     1   2  2  
 4 Nick Bonino              Brett Maclean            Colby Armstrong          10     1   2  2  

5 vs 5 Defense 
   Defense                  Defense                                           Time % Phy DF OF 
 1 Jamie McBain             Radko Gudas                                       40     1   2  2  
 2 Raphael Diaz             Calvin de Haan                                    30     1   2  2  
 3 Jay Bouwmeester          Matthew Spiller                                   20     1   2  2  
 4 Jamie McBain             Radko Gudas                                       10     1   2  2  

PowerPlay Forward 
   Center                   Left Wing                Right Wing               Time % Phy DF OF 
 1 Jordan Staal             Johnny Gaudreau          Jakob Silfverberg        60     1   2  2  
 2 Derek Roy                Antoine Roussel          Corey Perry              40     1   2  2  

PowerPlay Defense
   Defense                  Defense                                           Time % Phy DF OF 
 1 Jamie McBain             Radko Gudas                                       60     1   2  2  
 2 Raphael Diaz             Calvin de Haan                                    40     1   2  2  

Penalty Kill 4 Players Forward 
   Center                   Wing                     Time % Phy DF OF 
 1 Jordan Staal             Johnny Gaudreau          60     1   2  2  
 2 Derek Roy                Antoine Roussel          40     1   2  2  

Penalty Kill 4 Players Defense
   Defense                  Defense                  Time % Phy DF OF 
 1 Jamie McBain             Radko Gudas              60     1   2  2  
 2 Raphael Diaz             Calvin de Haan           40     1   2  2  

Penalty Kill - 3 Players Forward 
   Forward                                           Time % Phy DF OF 
 1 Jordan Staal                                      60     1   2  2  
 2 Derek Roy                                         40     1   2  2  

Penalty Kill - 3 Players Defense
   Defense                  Defense                  Time % Phy DF OF 
 1 Jamie McBain             Radko Gudas              60     1   2  2  
 2 Raphael Diaz             Calvin de Haan           40     1   2  2  

4 vs 4 Forward 
   Center                   Wing                     Time % Phy DF OF 
 1 Jordan Staal             Johnny Gaudreau          60     1   2  2  
 2 Derek Roy                Antoine Roussel          40     1   2  2  

4 vs 4 Defense
   Defense                  Defense                  Time % Phy DF OF 
 1 Jamie McBain             Radko Gudas              60     1   2  2  
 2 Raphael Diaz             Calvin de Haan           40     1   2  2  

Last Minutes Offensive
   Center                   Left Wing                Right Wing               Defense                  Defense                  
   Jordan Staal             Johnny Gaudreau          Jakob Silfverberg        Jamie McBain             Radko Gudas              

Last Minutes Defensive
   Center                   Left Wing                Right Wing               Defense                  Defense                  
   Jordan Staal             Johnny Gaudreau          Jakob Silfverberg        Jamie McBain             Radko Gudas              

Goaltenders
Starting : Josh Harding             
Backup : Tuukka Rask              

Extra Forwards
Normal : Corey Perry, Derek Roy, Blake Wheeler - PP : Corey Perry, Derek Roy - PK : Corey Perry
Extra Defensemen
Normal : Calvin de Haan, Jay Bouwmeester, Matthew Spiller - PP : Calvin de Haan - PK : Calvin de Haan, Jay Bouwmeester
Penalty Shots
Johnny Gaudreau, Jakob Silfverberg, Antoine Roussel, Jordan Staal, Corey Perry

Scratches
Shane O'Brien (Healthy)

% Time on Ice - Sharks

Lines # - Real PCT - Wanted PCT - Time Play
Normal Forward
1 - 32% - 40% - 12:59
2 - 25% - 30% - 10:11
3 - 27% - 20% - 10:56
4 - 16% - 10% - 6:29
Normal Defense
1 - 40% - 40% - 16:03
2 - 37% - 30% - 15:10
3 - 23% - 20% - 9:22
4 - 0% - 10% - 0:00
PP Forward
1 - 60% - 60% - 8:18
2 - 40% - 40% - 5:35
PP Defense
1 - 65% - 60% - 9:05
2 - 35% - 40% - 4:48
PK Forward
1 - 100% - 60% - 4:32
2 - 0% - 40% - 0:00
PK Defense
1 - 63% - 60% - 2:50
2 - 38% - 40% - 1:42
PK3 Forward
1 - 0% - 60%
2 - 0% - 40%
PK3 Defense
1 - 0% - 60%
2 - 0% - 40%
44 Forward
1 - 0% - 60%
2 - 0% - 40%
44 Defense
1 - 0% - 60%
2 - 0% - 40%
Last Minute Offensive  - 1:00
Last Minute Defensive  - 0:00
Total
Forward - 60:00
Defense - 60:00

% Time on Ice - Blackhawks

Lines # - Real PCT - Wanted PCT - Time Play
Normal Forward
1 - 35% - 40% - 14:05
2 - 22% - 30% - 8:55
3 - 25% - 20% - 10:03
4 - 18% - 10% - 7:28
Normal Defense
1 - 41% - 40% - 16:40
2 - 34% - 30% - 13:44
3 - 23% - 20% - 9:27
4 - 2% - 10% - 0:40
PP Forward
1 - 55% - 60% - 2:30
2 - 45% - 40% - 2:02
PP Defense
1 - 63% - 60% - 2:51
2 - 37% - 40% - 1:41
PK Forward
1 - 73% - 60% - 10:09
2 - 27% - 40% - 3:44
PK Defense
1 - 66% - 60% - 9:11
2 - 34% - 40% - 4:42
PK3 Forward
1 - 0% - 60%
2 - 0% - 40%
PK3 Defense
1 - 0% - 60%
2 - 0% - 40%
44 Forward
1 - 0% - 60%
2 - 0% - 40%
44 Defense
1 - 0% - 60%
2 - 0% - 40%
Last Minute Offensive  - 0:00
Last Minute Defensive  - 1:04
Total
Forward - 60:00
Defense - 60:00

Play-by-Play

1st period


0:01 of 1st period - Gilbert Brule wins face-off versus Jordan Staal in neutral zone.
0:04 of 1st period - Jordan Staal is hit by David Booth and loses puck.
0:29 of 1st period - Slapshot by Antoine Roussel.
0:29 of 1st period - Stopped by Philipp Grubauer with a rebound.
0:53 of 1st period - Snap shot by Alexander Frolov.
0:53 of 1st period - Deflect By James Wright.
0:53 of 1st period - Shot Misses the Net.
0:53 of 1st period - Puck is out of play.
0:54 of 1st period - James Wright wins face-off versus Luke Adam in Sharks zone.
1:03 of 1st period - Slapshot by Calvin de Haan.
1:03 of 1st period - Shot Misses the Net.
1:05 of 1st period - Snap shot by James Wright.
1:05 of 1st period - Shot Misses the Net.
1:07 of 1st period - Snap shot by Alexander Frolov.
1:07 of 1st period - Stopped by Philipp Grubauer without a rebound.
1:08 of 1st period - Gilbert Brule wins face-off versus Nick Bonino in Sharks zone.
1:08 of 1st period - Gilbert Brule is hit by Brett Maclean.
1:34 of 1st period - Boone Jenner is hit by Jakob Silfverberg and loses puck.
1:39 of 1st period - Snap shot by Johnny Gaudreau.
1:39 of 1st period - Shot Blocked by Boone Jenner.
1:57 of 1st period - Antoine Roussel is hit by Ben Lovejoy and loses puck.
2:09 of 1st period - Ronalds Kenins is hit by Derek Roy and loses puck.
2:44 of 1st period - Snap shot by Luke Adam.
2:44 of 1st period - Shot Blocked by Jakob Silfverberg.
4:13 of 1st period - Wrist shot by Blake Wheeler.
4:13 of 1st period - Stopped by Philipp Grubauer without a rebound.
4:14 of 1st period - Derek Roy wins face-off versus Brandon Dubinsky in Sharks zone.
4:48 of 1st period - David Booth is hit by Johnny Gaudreau and loses puck.
5:14 of 1st period - Wrist shot by Nick Bonino.
5:14 of 1st period - Stopped by Philipp Grubauer with a rebound.
6:00 of 1st period - Icing by Karl Alzner.
6:01 of 1st period - Jordan Staal wins face-off versus Brandon Dubinsky in Sharks zone.
6:04 of 1st period - Wrist shot by Jakob Silfverberg.
6:04 of 1st period - Shot Misses the Net.
6:06 of 1st period - Wrist shot by Jakob Silfverberg.
6:06 of 1st period - Shot Misses the Net.
6:08 of 1st period - Slapshot by Jamie McBain.
6:08 of 1st period - Shot Blocked by Steve Eminger.
6:10 of 1st period - Snap shot by Jakob Silfverberg.
6:10 of 1st period - Shot Misses the Net.
6:33 of 1st period - Minor Penalty to Jamie McBain for Tripping.
6:34 of 1st period - Brandon Dubinsky wins face-off versus Jordan Staal in Blackhawks zone.
6:38 of 1st period - Snap shot by Tyler Cuma.
6:38 of 1st period - Shot Misses the Net.
6:50 of 1st period - Snap shot by Brandon Dubinsky.
6:50 of 1st period - Shot Misses the Net.
7:10 of 1st period - Wrist shot by Ben Smith.
7:10 of 1st period - Shot Misses the Net.
7:35 of 1st period - Ben Lovejoy is hit by Derek Roy and loses puck.
8:33 of 1st period - Penalty to Jamie McBain is over, Jamie McBain is back on ice.
9:29 of 1st period - Karl Alzner is hit by Derek Roy and loses puck.
9:48 of 1st period - Gilbert Brule is hit by Jordan Staal.
10:08 of 1st period - Slapshot by Jay Bouwmeester.
10:08 of 1st period - Shot Misses the Net.
10:41 of 1st period - Ben Lovejoy is hit by Johnny Gaudreau and loses puck.
11:25 of 1st period - Wrist shot by Brett Maclean.
11:25 of 1st period - Stopped by Philipp Grubauer without a rebound.
11:26 of 1st period - Nick Bonino wins face-off versus Gilbert Brule in Sharks zone.
11:39 of 1st period - Slapshot by Brett Maclean.
11:39 of 1st period - Shot Misses the Net.
11:41 of 1st period - Slapshot by Brett Maclean.
11:41 of 1st period - Shot Misses the Net.
11:43 of 1st period - Slapshot by Calvin de Haan.
11:43 of 1st period - Shot Misses the Net.
11:45 of 1st period - Slapshot by Nick Bonino.
11:45 of 1st period - Stopped by Philipp Grubauer with a rebound.
11:47 of 1st period - Slapshot by Jay Bouwmeester.
11:47 of 1st period - Stopped by Philipp Grubauer with a rebound.
11:53 of 1st period - Snap shot by Nick Bonino.
11:53 of 1st period - Shot Misses the Net.
11:55 of 1st period - Slapshot by Matthew Spiller.
11:55 of 1st period - Deflect By David Booth.
11:55 of 1st period - Stopped by Philipp Grubauer with a rebound.
11:57 of 1st period - Snap shot by Nick Bonino.
11:57 of 1st period - Shot Misses the Net.
11:59 of 1st period - Slapshot by Matthew Spiller.
11:59 of 1st period - Shot Misses the Net.
12:01 of 1st period - Slapshot by Matthew Spiller.
12:01 of 1st period - Shot Blocked by David Booth.
12:03 of 1st period - Snap shot by Brett Maclean.
12:03 of 1st period - Stopped by Philipp Grubauer with a rebound.
12:05 of 1st period - Slapshot by Raphael Diaz.
12:05 of 1st period - Stopped by Philipp Grubauer without a rebound.
12:06 of 1st period - Jordan Staal wins face-off versus Brandon Dubinsky in Sharks zone.
12:11 of 1st period - Snap shot by Jordan Staal.
12:11 of 1st period - Shot Misses the Net.
12:13 of 1st period - Slapshot by Raphael Diaz.
12:13 of 1st period - Stopped by Philipp Grubauer with a rebound.
12:39 of 1st period - Snap shot by Alexander Frolov.
12:39 of 1st period - Stopped by Philipp Grubauer without a rebound.
12:40 of 1st period - Alexander Frolov wins face-off versus Oskar Osala in Sharks zone.
12:41 of 1st period - Slapshot by Jamie McBain.
12:41 of 1st period - Stopped by Philipp Grubauer with a rebound.
13:13 of 1st period - Minor Penalty to Alexander Frolov for Tripping.
13:14 of 1st period - Gilbert Brule wins face-off versus Jordan Staal in Blackhawks zone.
14:02 of 1st period - Ben Lovejoy is hit by Johnny Gaudreau and loses puck.
15:13 of 1st period - Penalty to Alexander Frolov is over, Alexander Frolov is back on ice.
15:42 of 1st period - Slapshot by Tyler Cuma.
15:42 of 1st period - Deflect By Brett Maclean.
15:42 of 1st period - Stopped by Josh Harding without a rebound.
15:43 of 1st period - Nick Bonino wins face-off versus Luke Adam in Blackhawks zone.
16:18 of 1st period - Snap shot by Luke Adam.
16:18 of 1st period - Shot Blocked by Calvin de Haan.
16:20 of 1st period - Slapshot by Brandon Gormley.
16:20 of 1st period - Stopped by Josh Harding without a rebound.
16:21 of 1st period - Jordan Staal wins face-off versus Gilbert Brule in Blackhawks zone.
16:34 of 1st period - Wrist shot by Jakob Silfverberg.
16:34 of 1st period - Stopped by Philipp Grubauer without a rebound.
16:35 of 1st period - Jordan Staal wins face-off versus Gilbert Brule in Sharks zone.
16:36 of 1st period - Wrist shot by Johnny Gaudreau.
16:36 of 1st period - Shot Misses the Net.
16:38 of 1st period - Slapshot by Jamie McBain.
16:38 of 1st period - Stopped by Philipp Grubauer with a rebound.
16:59 of 1st period - Minor Penalty to Gilbert Brule for Interference.
17:00 of 1st period - Jordan Staal wins face-off versus Ben Smith in Sharks zone.
17:01 of 1st period - Snap shot by Johnny Gaudreau.
17:01 of 1st period - Stopped by Philipp Grubauer with a rebound.
17:03 of 1st period - Snap shot by Johnny Gaudreau.
17:03 of 1st period - Stopped by Philipp Grubauer without a rebound.
17:04 of 1st period - Jordan Staal wins face-off versus Ben Smith in Sharks zone.
17:33 of 1st period - Slapshot by Derek Roy.
17:33 of 1st period - Deflect By Antoine Roussel.
17:33 of 1st period - Goal by Antoine Roussel - Sharks : 0 - Blackhawks : 1.
17:34 of 1st period - Jordan Staal wins face-off versus Gilbert Brule in neutral zone.
17:37 of 1st period - Slapshot by Radko Gudas.
17:37 of 1st period - Deflect By Jakob Silfverberg.
17:37 of 1st period - Shot Misses the Net.
17:37 of 1st period - Puck is out of play.
17:38 of 1st period - Gilbert Brule wins face-off versus Jordan Staal in Sharks zone.
18:04 of 1st period - Minor Penalty to Antoine Roussel for Holding.
18:05 of 1st period - David Booth wins face-off versus Jordan Staal in Blackhawks zone.
18:17 of 1st period - Snap shot by Ben Smith.
18:17 of 1st period - Stopped by Josh Harding without a rebound.
18:18 of 1st period - Jordan Staal wins face-off versus Gilbert Brule in Blackhawks zone.
19:29 of 1st period - Derek Roy is hit by David Booth and loses puck.
19:54 of 1st period - Wrist shot by Ronalds Kenins.
19:54 of 1st period - Deflect By Brandon Dubinsky.
19:54 of 1st period - Shot Misses the Net.
19:54 of 1st period - Puck is out of play.
19:55 of 1st period - Jordan Staal wins face-off versus Brandon Dubinsky in Blackhawks zone.
Goals for this period are 0 for Sharks vs 1 for Blackhawks.
Shots for this period are 3 for Sharks vs 18 for Blackhawks.

2nd period


0:01 of 2nd period - Gilbert Brule wins face-off versus Jordan Staal in neutral zone.
0:04 of 2nd period - Penalty to Antoine Roussel is over, Antoine Roussel is back on ice.
0:10 of 2nd period - Slapshot by Ben Smith.
0:10 of 2nd period - Shot Blocked by Radko Gudas.
0:12 of 2nd period - Snap shot by David Booth.
0:12 of 2nd period - Shot Misses the Net.
0:34 of 2nd period - Snap shot by Ronalds Kenins.
0:34 of 2nd period - Stopped by Josh Harding with a rebound.
0:44 of 2nd period - Dion Phaneuf is hit by Blake Wheeler and loses puck.
0:52 of 2nd period - Off-side.
0:53 of 2nd period - Gilbert Brule wins face-off versus Jordan Staal in neutral zone.
1:06 of 2nd period - Ben Smith is hit by Jakob Silfverberg and loses puck.
1:15 of 2nd period - Minor Penalty to Gilbert Brule for Hooking.
1:16 of 2nd period - Ben Smith wins face-off versus Jordan Staal in Sharks zone.
1:27 of 2nd period - Slapshot by Johnny Gaudreau.
1:27 of 2nd period - Shot Misses the Net.
3:15 of 2nd period - Penalty to Gilbert Brule is over, Gilbert Brule is back on ice.
3:40 of 2nd period - Minor Penalty to Alexander Frolov for Hooking.
3:41 of 2nd period - Gilbert Brule wins face-off versus Jordan Staal in Blackhawks zone.
4:00 of 2nd period - Tyler Cuma is hit by Jordan Staal and loses puck.
4:29 of 2nd period - Jordan Staal is hit by Ronalds Kenins and loses puck.
5:40 of 2nd period - Penalty to Alexander Frolov is over, Alexander Frolov is back on ice.
5:51 of 2nd period - Wrist shot by Luke Adam.
5:51 of 2nd period - Stopped by Josh Harding with a rebound.
5:53 of 2nd period - Wrist shot by Bobby Butler.
5:53 of 2nd period - Shot Blocked by Alexander Frolov.
5:55 of 2nd period - Slapshot by Steve Eminger.
5:55 of 2nd period - Shot Misses the Net.
5:57 of 2nd period - Wrist shot by Luke Adam.
5:57 of 2nd period - Stopped by Josh Harding with a rebound.
5:59 of 2nd period - Snap shot by Luke Adam.
5:59 of 2nd period - Shot Misses the Net.
6:09 of 2nd period - Jamie McBain is hit by Boone Jenner and loses puck.
7:06 of 2nd period - Karl Alzner is hit by Jakob Silfverberg and loses puck.
7:52 of 2nd period - James Wright is hit by Tyler Cuma and loses puck.
8:03 of 2nd period - Alexander Frolov is hit by Brandon Dubinsky and loses puck.
8:47 of 2nd period - Colby Armstrong is hit by Jiri Tlusty and loses puck.
9:20 of 2nd period - Wrist shot by Ronalds Kenins.
9:20 of 2nd period - Stopped by Josh Harding without a rebound.
9:21 of 2nd period - Ronalds Kenins wins face-off versus Derek Roy in Blackhawks zone.
9:42 of 2nd period - Minor Penalty to Corey Perry for Hooking.
9:43 of 2nd period - Gilbert Brule wins face-off versus Jordan Staal in Blackhawks zone.
10:16 of 2nd period - Slapshot by Ronalds Kenins.
10:16 of 2nd period - Shot Misses the Net.
10:53 of 2nd period - Raphael Diaz is hit by Ronalds Kenins and loses puck.
11:42 of 2nd period - Penalty to Corey Perry is over, Corey Perry is back on ice.
11:52 of 2nd period - Alexander Frolov is hit by Gustav Nyquist and loses puck.
12:01 of 2nd period - Snap shot by Luke Adam.
12:01 of 2nd period - Stopped by Josh Harding without a rebound.
12:02 of 2nd period - Nick Bonino wins face-off versus Boone Jenner in Blackhawks zone.
12:25 of 2nd period - Matthew Spiller is hit by Brandon Gormley and loses puck.
12:34 of 2nd period - Snap shot by Boone Jenner.
12:34 of 2nd period - Shot Misses the Net.
12:36 of 2nd period - Snap shot by Ben Lovejoy.
12:36 of 2nd period - Shot Misses the Net.
13:05 of 2nd period - Snap shot by Jiri Tlusty.
13:05 of 2nd period - Stopped by Josh Harding without a rebound.
13:06 of 2nd period - David Booth wins face-off versus Jordan Staal in Blackhawks zone.
13:07 of 2nd period - Slapshot by Tyler Cuma.
13:07 of 2nd period - Shot Hit the Post.
13:25 of 2nd period - Minor Penalty to Jamie McBain for High sticking.
13:26 of 2nd period - Gilbert Brule wins face-off versus Jordan Staal in Blackhawks zone.
13:38 of 2nd period - Snap shot by Ben Smith.
13:38 of 2nd period - Shot Misses the Net.
13:40 of 2nd period - Slapshot by Tyler Cuma.
13:40 of 2nd period - Shot Misses the Net.
15:25 of 2nd period - Penalty to Jamie McBain is over, Jamie McBain is back on ice.
15:35 of 2nd period - Gustav Nyquist is hit by Brett Maclean and loses puck.
16:04 of 2nd period - Boone Jenner is hit by Jamie McBain and loses puck.
16:31 of 2nd period - Off-side.
16:32 of 2nd period - Jordan Staal wins face-off versus Boone Jenner in neutral zone.
17:26 of 2nd period - Snap shot by Alexander Frolov.
17:26 of 2nd period - Deflect By Blake Wheeler.
17:26 of 2nd period - Shot Misses the Net.
17:26 of 2nd period - Puck is out of play.
17:27 of 2nd period - Johnny Gaudreau wins face-off versus Brandon Dubinsky in Sharks zone.
18:05 of 2nd period - Backhand shot by Antoine Roussel.
18:05 of 2nd period - Stopped by Philipp Grubauer with a rebound.
18:23 of 2nd period - Wrist shot by Alexander Frolov.
18:23 of 2nd period - Shot Misses the Net.
18:25 of 2nd period - Backhand shot by Blake Wheeler.
18:25 of 2nd period - Shot Misses the Net.
18:27 of 2nd period - Snap shot by Blake Wheeler.
18:27 of 2nd period - Deflect By James Wright.
18:27 of 2nd period - Stopped by Philipp Grubauer with a rebound.
18:29 of 2nd period - Backhand shot by Jamie McBain.
18:29 of 2nd period - Stopped by Philipp Grubauer with a rebound.
18:31 of 2nd period - Snap shot by James Wright.
18:31 of 2nd period - Goal by James Wright - Sharks : 0 - Blackhawks : 2.
18:32 of 2nd period - Gilbert Brule wins face-off versus Jordan Staal in neutral zone.
18:43 of 2nd period - Snap shot by Ben Smith.
18:43 of 2nd period - Stopped by Josh Harding without a rebound.
18:44 of 2nd period - Jordan Staal wins face-off versus Gilbert Brule in Blackhawks zone.
18:49 of 2nd period - Tyler Cuma is hit by Jakob Silfverberg and loses puck.
19:33 of 2nd period - Snap shot by Bobby Butler.
19:33 of 2nd period - Shot Misses the Net.
19:59 of 2nd period - Backhand shot by Brett Maclean.
19:59 of 2nd period - Stopped by Philipp Grubauer without a rebound.
Goals for this period are 0 for Sharks vs 1 for Blackhawks.
Shots for this period are 7 for Sharks vs 5 for Blackhawks.

3rd period


0:01 of 3rd period - Jordan Staal wins face-off versus Gilbert Brule in neutral zone.
0:16 of 3rd period - Wrist shot by Ben Smith.
0:16 of 3rd period - Stopped by Josh Harding with a rebound.
0:28 of 3rd period - Wrist shot by Jordan Staal.
0:28 of 3rd period - Goal by Jordan Staal - Sharks : 0 - Blackhawks : 3.
0:29 of 3rd period - Gilbert Brule wins face-off versus Jordan Staal in neutral zone.
0:56 of 3rd period - Radko Gudas is hit by Oskar Osala and loses puck.
1:05 of 3rd period - Backhand shot by Oskar Osala.
1:05 of 3rd period - Shot Blocked by Jamie McBain.
1:07 of 3rd period - Wrist shot by Jiri Tlusty.
1:07 of 3rd period - Deflect By Boone Jenner.
1:07 of 3rd period - Shot Misses the Net.
1:07 of 3rd period - Puck is out of play.
1:08 of 3rd period - Gilbert Brule wins face-off versus Derek Roy in Blackhawks zone.
2:02 of 3rd period - Nick Bonino is hit by Tyler Cuma and loses puck.
2:19 of 3rd period - Snap shot by Bobby Butler.
2:19 of 3rd period - Goal by Bobby Butler - Sharks : 1 - Blackhawks : 3.
2:20 of 3rd period - Jordan Staal wins face-off versus Gilbert Brule in neutral zone.
2:40 of 3rd period - Minor Penalty to Ben Smith for Holding.
2:41 of 3rd period - Jordan Staal wins face-off versus Gilbert Brule in Sharks zone.
3:55 of 3rd period - Icing by Antoine Roussel.
3:56 of 3rd period - Derek Roy wins face-off versus Boone Jenner in Blackhawks zone.
4:40 of 3rd period - Penalty to Ben Smith is over, Ben Smith is back on ice.
4:56 of 3rd period - Snap shot by James Wright.
4:56 of 3rd period - Stopped by Philipp Grubauer without a rebound.
4:57 of 3rd period - Brandon Dubinsky wins face-off versus James Wright in Sharks zone.
5:07 of 3rd period - Icing by Calvin de Haan.
5:08 of 3rd period - Brandon Dubinsky wins face-off versus James Wright in Blackhawks zone.
5:45 of 3rd period - Wrist shot by Jiri Tlusty.
5:45 of 3rd period - Stopped by Josh Harding without a rebound.
5:46 of 3rd period - Gilbert Brule wins face-off versus Jakob Silfverberg in Blackhawks zone.
5:47 of 3rd period - Wrist shot by David Booth.
5:47 of 3rd period - Stopped by Josh Harding with a rebound.
5:49 of 3rd period - Snap shot by Gilbert Brule.
5:49 of 3rd period - Stopped by Josh Harding with a rebound.
5:51 of 3rd period - Slapshot by Ben Smith.
5:51 of 3rd period - Shot Misses the Net.
5:53 of 3rd period - Wrist shot by Ben Smith.
5:53 of 3rd period - Shot Blocked by Jamie McBain.
6:15 of 3rd period - Derek Roy is hit by Ronalds Kenins and loses puck.
6:34 of 3rd period - Nick Bonino is hit by Tyler Cuma and loses puck.
7:08 of 3rd period - Blake Wheeler is hit by Luke Adam and loses puck.
7:17 of 3rd period - Snap shot by James Wright.
7:17 of 3rd period - Stopped by Philipp Grubauer without a rebound.
7:18 of 3rd period - Jordan Staal wins face-off versus Gilbert Brule in Sharks zone.
7:19 of 3rd period - Snap shot by Johnny Gaudreau.
7:19 of 3rd period - Stopped by Philipp Grubauer without a rebound.
7:20 of 3rd period - Jordan Staal wins face-off versus Gilbert Brule in Sharks zone.
7:25 of 3rd period - Snap shot by Jakob Silfverberg.
7:25 of 3rd period - Shot Blocked by Ben Lovejoy.
7:28 of 3rd period - Icing by Ben Lovejoy.
7:29 of 3rd period - Gilbert Brule wins face-off versus Jakob Silfverberg in Sharks zone.
7:36 of 3rd period - Wrist shot by Gilbert Brule.
7:36 of 3rd period - Stopped by Josh Harding with a rebound.
7:54 of 3rd period - Snap shot by Ben Smith.
7:54 of 3rd period - Shot Misses the Net.
7:58 of 3rd period - Snap shot by Gilbert Brule.
7:58 of 3rd period - Deflect By Jamie McBain.
7:58 of 3rd period - Stopped by Josh Harding without a rebound.
7:59 of 3rd period - Brandon Dubinsky wins face-off versus Derek Roy in Blackhawks zone.
8:02 of 3rd period - Slapshot by Tyler Cuma.
8:02 of 3rd period - Stopped by Josh Harding with a rebound.
8:04 of 3rd period - Wrist shot by Brandon Dubinsky.
8:04 of 3rd period - Shot Misses the Net.
8:06 of 3rd period - Slapshot by Ronalds Kenins.
8:06 of 3rd period - Shot Misses the Net.
8:10 of 3rd period - Snap shot by Ronalds Kenins.
8:10 of 3rd period - Shot Misses the Net.
8:12 of 3rd period - Wrist shot by Brandon Dubinsky.
8:12 of 3rd period - Shot Blocked by Derek Roy.
8:14 of 3rd period - Wrist shot by Ronalds Kenins.
8:14 of 3rd period - Shot Misses the Net.
8:24 of 3rd period - Tyler Cuma is hit by Calvin de Haan and loses puck.
8:59 of 3rd period - Jordan Staal is hit by David Booth.
9:09 of 3rd period - Snap shot by Ronalds Kenins.
9:09 of 3rd period - Stopped by Josh Harding without a rebound.
9:10 of 3rd period - Brandon Dubinsky wins face-off versus Derek Roy in Blackhawks zone.
9:15 of 3rd period - Snap shot by Wayne Simmonds.
9:15 of 3rd period - Shot Hit the Post.
9:17 of 3rd period - Snap shot by Ronalds Kenins.
9:17 of 3rd period - Stopped by Josh Harding without a rebound.
9:18 of 3rd period - Jordan Staal wins face-off versus Gilbert Brule in Blackhawks zone.
9:18 of 3rd period - Jordan Staal is hit by Ben Smith.
9:21 of 3rd period - Jakob Silfverberg is hit by Tyler Cuma.
10:33 of 3rd period - Snap shot by Jiri Tlusty.
10:33 of 3rd period - Deflect By Oskar Osala.
10:33 of 3rd period - Shot Misses the Net.
10:33 of 3rd period - Puck is out of play.
10:34 of 3rd period - Jordan Staal wins face-off versus Gilbert Brule in Blackhawks zone.
10:41 of 3rd period - Slapshot by Calvin de Haan.
10:41 of 3rd period - Shot Blocked by Gilbert Brule.
11:27 of 3rd period - Wrist shot by Brett Maclean.
11:27 of 3rd period - Stopped by Philipp Grubauer with a rebound.
11:37 of 3rd period - Wrist shot by Luke Adam.
11:37 of 3rd period - Shot Blocked by Nick Bonino.
12:11 of 3rd period - Wrist shot by Steve Eminger.
12:11 of 3rd period - Shot Misses the Net.
12:54 of 3rd period - Snap shot by Gustav Nyquist.
12:54 of 3rd period - Shot Blocked by Brett Maclean.
12:56 of 3rd period - Snap shot by Gustav Nyquist.
12:56 of 3rd period - Shot Misses the Net.
12:58 of 3rd period - Slapshot by Dion Phaneuf.
12:58 of 3rd period - Shot Blocked by Calvin de Haan.
13:00 of 3rd period - Snap shot by Luke Adam.
13:00 of 3rd period - Shot Hit the Post.
13:16 of 3rd period - Snap shot by Boone Jenner.
13:16 of 3rd period - Stopped by Josh Harding with a rebound.
13:18 of 3rd period - Snap shot by Oskar Osala.
13:18 of 3rd period - Sharks goal is going for a video replay.
13:18 of 3rd period - The goal is refused. The net was displaced accidentally..
13:19 of 3rd period - Corey Perry wins face-off versus David Booth in Blackhawks zone.
13:19 of 3rd period - Corey Perry is hit by Ben Lovejoy.
14:14 of 3rd period - Snap shot by Boone Jenner.
14:14 of 3rd period - Stopped by Josh Harding with a rebound.
14:24 of 3rd period - Jiri Tlusty is hit by Jamie McBain and loses puck.
14:45 of 3rd period - Snap shot by Luke Adam.
14:45 of 3rd period - Stopped by Josh Harding with a rebound.
14:47 of 3rd period - Slapshot by Ben Lovejoy.
14:47 of 3rd period - Stopped by Josh Harding without a rebound.
14:48 of 3rd period - Gilbert Brule wins face-off versus Jordan Staal in Blackhawks zone.
14:54 of 3rd period - Minor Penalty to Jordan Staal for Tripping.
14:55 of 3rd period - Corey Perry wins face-off versus Gilbert Brule in Blackhawks zone.
14:58 of 3rd period - Off-side.
14:59 of 3rd period - Corey Perry wins face-off versus Gilbert Brule in neutral zone.
15:15 of 3rd period - Off-side.
15:16 of 3rd period - Brandon Dubinsky wins face-off versus Corey Perry in neutral zone.
15:29 of 3rd period - Slapshot by Dion Phaneuf.
15:29 of 3rd period - Shot Blocked by Corey Perry.
15:41 of 3rd period - Johnny Gaudreau is hit by Dion Phaneuf and loses puck.
15:52 of 3rd period - Snap shot by Ben Smith.
15:52 of 3rd period - Stopped by Josh Harding with a rebound.
16:54 of 3rd period - Penalty to Jordan Staal is over, Jordan Staal is back on ice.
17:11 of 3rd period - Jordan Staal is hit by Oskar Osala and loses puck.
17:16 of 3rd period - Snap shot by Oskar Osala.
17:16 of 3rd period - Stopped by Josh Harding with a rebound.
17:18 of 3rd period - Slapshot by Dion Phaneuf.
17:18 of 3rd period - Goal by Dion Phaneuf - Sharks : 2 - Blackhawks : 3.
17:19 of 3rd period - James Wright wins face-off versus Boone Jenner in neutral zone.
17:55 of 3rd period - Wrist shot by Jordan Staal.
17:55 of 3rd period - Shot Misses the Net.
18:35 of 3rd period - Ronalds Kenins is hit by Calvin de Haan.
18:38 of 3rd period - Off-side.
18:39 of 3rd period - Jordan Staal wins face-off versus Wayne Simmonds in neutral zone.
18:50 of 3rd period - Wrist shot by Johnny Gaudreau.
18:50 of 3rd period - Stopped by Philipp Grubauer with a rebound.
18:52 of 3rd period - Slapshot by Matthew Spiller.
18:52 of 3rd period - Deflect By Johnny Gaudreau.
18:52 of 3rd period - Stopped by Philipp Grubauer with a rebound.
19:02 of 3rd period - Wrist shot by Jordan Staal.
19:02 of 3rd period - Shot Misses the Net.
19:10 of 3rd period - Sharks, Philipp Grubauer is pulled from the net.
19:10 of 3rd period - Slapshot by Brandon Gormley.
19:10 of 3rd period - Deflect By David Booth.
19:10 of 3rd period - Shot Misses the Net.
19:10 of 3rd period - Puck is out of play.
19:11 of 3rd period - Patrick Roy call a timeout for Sharks.
19:11 of 3rd period - Jordan Staal wins face-off versus Gilbert Brule in Blackhawks zone.
19:28 of 3rd period - Backhand shot by Gilbert Brule.
19:28 of 3rd period - Shot Blocked by Radko Gudas.
19:30 of 3rd period - Wrist shot by Dion Phaneuf.
19:30 of 3rd period - Deflect By Jakob Silfverberg.
19:30 of 3rd period - Stopped by Josh Harding with a rebound.
19:40 of 3rd period - Snap shot by Ben Smith.
19:40 of 3rd period - Stopped by Josh Harding without a rebound.
19:41 of 3rd period - Jordan Staal wins face-off versus Gilbert Brule in Blackhawks zone.
19:52 of 3rd period - Snap shot by Tyler Cuma.
19:52 of 3rd period - Shot Misses the Net.
Goals for this period are 2 for Sharks vs 1 for Blackhawks.
Shots for this period are 20 for Sharks vs 7 for Blackhawks. Output by the SimonT Hockey Simulator (STHS) for Francois Prevost - Original Page W3C HTML5 Valid
Hockey Simulator - Hockey Simulation - Hockey Manager